 Dungeon Crawl Stone Soup version 0.22-a0-866-geee5034 (webtiles) character file.

64 VLARC the Skirmisher (level 4, -4/24 HPs)
             Began as a Vine Stalker Fighter on July 28, 2018.
             Slain by Sigmund
             ... wielding a +0 scythe
              (11 damage)
             ... on level 2 of the Dungeon.
             The game lasted 00:01:43 (962 turns).

VLARC the Skirmisher (Vine Stalker Fighter)          Turns: 962, Time: 00:01:44

Health: -4/24      AC:  6    Str: 18    XL:     4   Next: 12%
Magic:  0/7        EV:  7    Int:  9    God:
Gold:   58         SH:  0    Dex: 14    Spells: 6/6 levels left

rFire    . . .     SeeInvis .   a - +0 long sword
rCold    . . .     Gourm    .   c - +0 shield
rNeg     . . .     Faith    .   b - +0 scale mail
rPois    .         Spirit   +   (no helmet)
rElec    .         Reflect  .   (no cloak)
rCorr    .         Harm     .   (no gloves)
MR       .....                  (no boots)
Stlth    ..........             (no amulet)
HPRegen  0.48/turn              (no ring)
MPRegen  0.10/turn              (no ring)

@: confused
A: fangs 2, regeneration 1, magic shield, antimagic bite, no potion heal 3, rot
immunity
a: no special abilities


You were on level 2 of the Dungeon.
You were not hungry.

You visited 1 branch of the dungeon, and saw 2 of its levels.

You collected 58 gold pieces.

Inventory:

Hand Weapons
 a - a +0 long sword (weapon)
Armour
 b - a +0 scale mail (worn)
 c - a +0 shield (worn)
Scrolls
 e - a scroll of remove curse {unknown}
 g - a scroll of identify {unknown}
 j - a scroll of fear {unknown}
Potions
 d - a potion of might
 i - a potion of curing {unknown}
Comestibles
 f - 2 rations


   Skills:
 + Level 3.3 Fighting
 + Level 2.6 Long Blades
 - Level 2.4 Armour
 - Level 2.6 Shields
 + Level 1.9 Spellcasting


You had 6 spell levels left.
You didn't know any spells.
Your spell library was empty.

Dungeon Overview and Level Annotations

Branches:
Dungeon (2/15)

Altars:

Annotations:
D:2 Sigmund


Innate Abilities, Weirdness & Mutations

You have extremely sharp teeth.
Your natural rate of healing is unusually fast.
When hurt, damage is shared between your health and your magic reserves.
Your bite disrupts and absorbs the magic of your enemies.
Potions cannot restore your health.
You are immune to rotting.


Message History

You resist with some effort. Sigmund gestures at you while chanting.
You resist with some effort. Sigmund gestures at you while chanting.
You are confused.
You bump into the rock wall.
You feel less confused.
Found a scroll labeled FIXEUDAL GAFA.
There is a stone staircase leading up here.
You start resting.
Sigmund is too close now for your liking.
Sigmund points at you and mumbles some strange words.
You are confused.
Sigmund hits you with a scythe!
* * * LOW HITPOINT WARNING * * *
You're too confused to move!
You closely miss Sigmund. You bite Sigmund, but do no damage.
Sigmund is moderately wounded.
Sigmund hits you with a scythe!
You die...

####........##..#
#....#####.†##..###.###
###..........>...........
###.......#....##...#######
..[...†...###..##..##
#............##..#
#................#
###.......##.####@.###.#
.......<........@........
..........##...<....##.##
.#...........#.##...#
#....................?
#.#...................#
.......................#
##........##.####.####.#
#..##..#.##.# .# .# #.


You could see Sigmund.

Vanquished Creatures
  2 adders (D:2)
  2 dart slugs (D:1)
  A leopard gecko (D:1)
  4 bats
  5 giant cockroaches
  6 goblins (D:1)
  5 hobgoblins
  2 jackals (D:1)
  4 frilled lizards (D:1)
  2 kobolds (D:1)
  7 rats (D:1)
40 creatures vanquished.

Notes
Turn   | Place    | Note
-------+----------+-------------------------------------------
     0 | D:1      | VLARC the Vine Stalker Fighter began the quest for the Orb.
     0 | D:1      | Reached XP level 1. HP: 11/11 MP: 2/2
    45 | D:1      | Reached XP level 2. HP: 16/16 MP: 2/4
   109 | D:1      | Reached skill level 1 in Spellcasting
   289 | D:1      | Reached skill level 3 in Fighting
   336 | D:1      | Reached XP level 3. HP: 19/20 MP: 5/5
   860 | D:2      | Gained mutation: Your natural rate of healing is unusually fast. [Vine Stalker growth]
   860 | D:2      | Reached XP level 4. HP: 20/24 MP: 7/7
   915 | D:2      | Noticed Sigmund
   933 | D:2      | HP: 1/24 [Sigmund/magic dart (5)]
   962 | D:2      | Slain by Sigmund

Vault maps used:
D:1:      eino_arrival_tree_alley, grunt_decor_mini_mirrors,
          grunt_decor_clamped, minmay_splitting_lines
D:2:      uniq_natasha, uniq_sigmund, uniq_jessica

Skill      XL: |  1  2 |
---------------+-------+-----
Long Blades    | 2 |  2.6
Spellcasting   | 1 |  1.9
Fighting       | 3 |  3.3
Armour         | |  2.4
Shields        | |  2.6

Action                   |  1- 3 |  4- 6 || total
-------------------------+-------+-------++-------
Melee: Long sword        |    85 |    19 ||   104
       Bite              |    23 |     2 ||    25
Armor: Scale mail        |    40 |    10 ||    50
Dodge: Dodged            |    26 |     8 ||    34
Block: Shield            |    30 |     4 ||    34
       Rpst.: Long sword |     8 |     2 ||    10

Table legend:
 A = Spawn XP
 B = Non-spawn XP
 C = Spawn XP percentage of total XP
 D = Spawn monster count
 E = Non-spawn monster count
 F = Spawn count percentage of total count
 G = Total turns spent on level
                    A         B        C        D         E        F      G
               +---------+---------+-------+---------+---------+-------+---------
         Total |       0 |      92 |   0.0 |       0 |      40 |   0.0 |   962
               +---------+---------+-------+---------+---------+-------+---------
           D:1 |       0 |      54 |   0.0 |       0 |      32 |   0.0 |   685
           D:2 |       0 |      38 |   0.0 |       0 |       8 |   0.0 |   277
               +---------+---------+-------+---------+---------+-------+---------
